 Dungeon Crawl Stone Soup version 0.24.0-123-gd5b16e6ec5 (webtiles) character file.

Game seed: 17752299561644837060, levelgen mode: deterministic

95 H0rd4k the Charlatan (level 4, -3/32 HPs)
             Began as a Human Artificer on Feb 4, 2020.
             Slain by an orc
             ... wielding a +0 trident
              (9 damage)
             ... on level 3 of the Dungeon.
             The game lasted 00:02:49 (1909 turns).

H0rd4k the Charlatan (Human Artificer)              Turns: 1909, Time: 00:02:50

Health: -3/32      AC:  3    Str: 14    XL:     4   Next: 95%
Magic:  7/7        EV: 12    Int: 11    God:
Gold:   91         SH:  0    Dex: 13    Spells: 3/3 levels left

rFire    . . .     SeeInvis .   a - +0 short sword
rCold    . . .     Gourm    .   (no shield)
rNeg     . . .     Faith    .   b - +0 leather armour
rPois    .         Spirit   .   (no helmet)
rElec    .         Reflect  .   (no cloak)
rCorr    .         Harm     .   (no gloves)
MR       .....                  (no boots)
Stlth    +.........             (no amulet)
HPRegen  0.10/turn              (no ring)
MPRegen  0.10/turn              (no ring)

@: no status effects
A: no striking features
a: no special abilities


You were on level 3 of the Dungeon.
You were hungry.

You visited 1 branch of the dungeon, and saw 3 of its levels.

You collected 91 gold pieces.

Inventory:

Hand Weapons
 a - a +0 short sword (weapon)
Missiles
 p - 14 poisoned darts (quivered)
Armour
 b - a +0 leather armour (worn)
Jewellery
 g - an uncursed amulet of the acrobat {unknown}
Wands
 c - a wand of flame (5)
 d - a wand of enslavement (15)
 e - a wand of random effects (15)
Scrolls
 h - a scroll of amnesia {unknown}
 i - 4 scrolls of identify {unknown}
 j - a scroll of teleportation {unknown}
 l - a scroll of enchant weapon {unknown}
 m - a scroll of fog {unknown}
 o - 3 scrolls of immolation {unknown}
Potions
 k - a potion of mutation {unknown}
 n - a potion of degeneration {unknown}
 q - 2 potions of invisibility {unknown}
 s - 2 potions of curing {unknown}
Comestibles
 f - 5 rations


   Skills:
 + Level 1.3 Fighting
 + Level 1.9 Short Blades
 + Level 0.2 Throwing
 + Level 1.2 Armour
 + Level 2.4 Dodging
 + Level 1.3 Stealth
 + Level 4.1 Evocations


You had 3 spell levels left.
You didn't know any spells.
Your spell library was empty.

Dungeon Overview and Level Annotations

Branches:
Dungeon (3/15)

Altars:
Cheibriados
Okawaru


Message History

The orc is heavily wounded.
The bat hits you but does no damage.
You hit the orc but do no damage.
The orc is heavily wounded.
The bat completely misses you. The orc closely misses you.
The bat closely misses you.
You hit the orc.
The orc is severely wounded.
The bat hits you but does no damage. The orc hits you with a +0 trident!
* * * LOW HITPOINT WARNING * * *
You are feeling hungry.
You barely miss the orc.
The orc is severely wounded.
The bat hits you but does no damage. The orc barely misses you.
The bat hits you.
* * * LOW HITPOINT WARNING * * *
You closely miss the orc.
The orc is severely wounded.
The bat barely misses you. The orc hits you with a +0 trident!
You die...

................
.................
$................
.................
.................
..........................
...............b..........#
..............!...........#
...............@o..........#
............................#
.............................
............(.........†......
..............................
.........)......†.............
.................<..........###
...............................
.............................##


You could see an orc and a bat.

Vanquished Creatures
  4 adders (D:2)
  A dart slug (D:1)
  3 leopard geckos
  2 orcs
  A giant cockroach (D:2)
  6 hobgoblins
  A quokka (D:3)
  8 bats
  2 frilled lizards (D:1)
  12 goblins
  4 kobolds
  10 rats
54 creatures vanquished.

Notes
Turn   | Place    | Note
-------+----------+-------------------------------------------
     0 | D:1      | H0rd4k the Human Artificer began the quest for the Orb.
     0 | D:1      | Reached XP level 1. HP: 15/15 MP: 3/3
    92 | D:2      | Reached XP level 2. HP: 7/21 MP: 4/4
   415 | D:2      | Reached XP level 3. HP: 25/26 MP: 5/5
   455 | D:1      | Reached skill level 4 in Evocations
  1181 | D:2      | Reached XP level 4. HP: 27/32 MP: 7/7
  1247 | D:2      | Found a snail-covered altar of Cheibriados.
  1341 | D:2      | Reached skill level 1 in Armour
  1749 | D:2      | Found an iron altar of Okawaru.
  1909 | D:3      | Slain by an orc

Levels and vault maps discovered:
D:1:      mrwooster_arrival_statue_3, layout_basic, hex_medium
D:2:      layout_basic, kennysheep_okawaru_gauntlet, cheibriados_altar_1,
          serial_curves, eino_curves_03, eino_curves_03,
          kennysheep_generic_room_8
D:3:      layout_basic, lemuel_doored_altar, first_ration, serial_curves,
          eino_curves_01, eino_curves_01

Skill      XL: |  1  2  3  4 |
---------------+-------------+-----
Evocations     | 4 |  4.1
Armour         | 1 |  1.2
Fighting       | |  1.3
Short Blades   | |  1.9
Throwing       | |  0.2
Dodging        | |  2.4
Stealth        | |  1.3

Action                   |  1- 3 |  4- 6 || total
-------------------------+-------+-------++-------
Melee: Short sword       |   124 |    93 ||   217
Throw: Dart              |       |    14 ||    14
Evoke: Wand              |     4 |     6 ||    10
  Eat: Chunk             |       |     3 ||     3
Armor: Leather armour    |    38 |    31 ||    69
Dodge: Dodged            |   102 |    79 ||   181
